 Dungeon Crawl Stone Soup version 0.21-b1-21-g86478ac (webtiles) character file.

408 Firecrotchwizard the Poker (level 6, -2/73 HPs)
             Began as a Merfolk Berserker on Jan 4, 2018.
             Was a Priest of Trog.
             Shot with an arrow by a centaur (6 damage)
             ... on level 4 of the Dungeon.
             The game lasted 00:05:30 (2953 turns).

Firecrotchwizard the Poker (Merfolk Berserker)      Turns: 2953, Time: 00:05:31

Health: -2/73      AC:  6    Str: 22    XL:     6   Next: 88%
Magic:  6/6        EV: 14    Int:  7    God:    Trog [***...]
Gold:   155        SH:  0    Dex: 15    Spells: 5/5 levels left

rFire    + . .     SeeInvis .   s - +0 trident
rCold    . . .     Gourm    .   (no shield)
rNeg     . . .     Faith    .   i - +0 ring mail
rPois    .         Spirit   .   q - +0 helmet
rElec    .         Reflect  .   (no cloak)
rCorr    .         Harm     .   (no gloves)
MR       .....                  (no boots)
Stlth    ..........             (no amulet)
HPRegen  0.22/turn              e - ring of protection from fire {rF+, !d}
MPRegen  0.10/turn              (no ring)

@: berserking, very quick
A: change form in water, swift swim, stealthy swim
a: Berserk, Trog's Hand, Burn Spellbooks, Renounce Religion


You were on level 4 of the Dungeon.
You worshipped Trog.
Trog was most pleased with you.
You were hungry.

You visited 1 branch of the dungeon, and saw 4 of its levels.

You collected 155 gold pieces.

Inventory:

Hand Weapons
 a - a +0 spear
 s - a +0 trident (weapon)
   (You took it off Robin on level 2 of the Dungeon)
Armour
 i - a +0 ring mail (worn)
   (You found it on level 1 of the Dungeon)
 p - a +1 animal skin
   (You took it off Robin on level 2 of the Dungeon)
 q - a +0 helmet (worn)
   (You took it off Robin on level 2 of the Dungeon)
 u - a +3 ring mail
   (You found it on level 3 of the Dungeon)
Jewellery
 e - a ring of protection from fire (left hand) {rF+, !d}
   (You found it on level 1 of the Dungeon)
 o - a +4 ring of dexterity {unknown}
   (You found it on level 3 of the Dungeon)
Scrolls
 g - a scroll of blinking {unknown}
 h - 4 scrolls of identify {unknown}
 k - a scroll of fog {unknown}
 l - 2 scrolls of remove curse
 n - a scroll of magic mapping {unknown}
 r - a scroll of enchant armour {unknown}
 v - a scroll of fear {unknown}
Potions
 d - a potion of might {unknown}
 f - a potion of resistance {unknown}
 j - 2 potions of curing {unknown}
 m - 2 potions of ambrosia {unknown}
 t - a potion of degeneration {unknown}
Comestibles
 c - 2 rations {@e1}


   Skills:
 + Level 4.6 Fighting
 * Level 7.5 Polearms
 + Level 2.6 Armour
 + Level 4.8 Dodging


You had 5 spell levels left.
You didn't know any spells.

Dungeon Overview and Level Annotations

Branches:
Dungeon (4/15)
 Temple: D:4-7

Altars:


Message History

No target in view!
No target in view!
Things that are here:
a club; a kobold corpse Some of the chunks of flesh in your inventory have rotted away.
Found a stone staircase leading up.
Some of the chunks of flesh in your inventory have rotted away.
Some of the chunks of flesh in your inventory have rotted away.
There is a stone staircase leading up here.
There is an open door here.
You see here a club.
There is an open door here.
You open the door.
There is an open door here.
Eating one of 9 chunks of flesh {@w0}.
You eat one of the 9 chunks of flesh {@w0}.
There is an open door here.
You open the door.
There is an open door here.
Some of the chunks of flesh in your inventory have rotted away.
There is a stone staircase leading down here.
Done exploring.
(D) Dungeon
Where to? (Enter - D:3, ? - help)
There is a stone staircase leading down here.
You climb downwards.
You hear the sound of rushing water.
There is an entrance to a sewer on this level.
Hurry and find it before the portal rusts away!
There is a stone staircase leading up here.
You now have 155 gold pieces (gained 16).
Found a stone staircase leading down.
An iguana and a hound come into view.
The hound barks!
The iguana hisses angrily.
Attack whom?
Aim: an iguana You reach to attack!
You closely miss the iguana. You hit the iguana.
The iguana completely misses you.
You hit the iguana. You hit the iguana. The hound bites you but does no damage.
The iguana bites you! The hound completely misses you.
You take 12 damage, and have 37/49 hp.
MASSIVE DAMAGE!!
You hit the iguana but do no damage. The hound closely misses you.
The iguana misses you.
You hit the iguana. The hound completely misses you. The iguana bites you!
The hound bites you.
You take 11 damage, and have 26/49 hp.
MASSIVE DAMAGE!!
You barely miss the iguana. The iguana bites you! The hound closely misses you.
You take 11 damage, and have 15/49 hp.
MASSIVE DAMAGE!!
You hit the iguana but do no damage. The hound bites you but does no damage.
The iguana bites you but does no damage.
You hit the iguana but do no damage. The hound barely misses you.
The iguana closely misses you. The hound bites you.
* * * LOW HITPOINT WARNING * * *
You take 3 damage, and have 13/49 hp.
You barely miss the iguana. The hound bites you.
* * * LOW HITPOINT WARNING * * *
The iguana misses you.
You take 3 damage, and have 10/49 hp.
You hit the iguana. The hound closely misses you.
The iguana bites you but does no damage.
The hound bites you.
* * * LOW HITPOINT WARNING * * *
All of the chunks of flesh in your inventory have rotted away.
You take 3 damage, and have 7/49 hp.
A red film seems to cover your vision as you go berserk!
You feel yourself moving faster!
You feel mighty!
You are feeling hungry.
The hound barely misses you. The iguana bites you.
* * * LOW HITPOINT WARNING * * *
You now have 8/73 hp.
You closely miss the iguana. The hound bites you.
* * * LOW HITPOINT WARNING * * *
The iguana closely misses you.
You take 1 damage, and have 7/73 hp.
You closely miss the iguana. The hound barely misses you.
You closely miss the iguana. The hound barely misses you.
The iguana closely misses you.
You barely miss the iguana. The hound barely misses you.
You closely miss the iguana. The iguana bites you.
* * * LOW HITPOINT WARNING * * *
The hound bites you.
* * * LOW HITPOINT WARNING * * *
You take 5 damage, and have 3/73 hp.
You puncture the iguana!
You kill the iguana!
Trog accepts your kill. The hound closely misses you.
You hit the hound. The hound misses you.
You closely miss the hound.
A centaur comes into view.
The centaur shouts!
You impale the hound!!
You kill the hound!
Trog accepts your kill.
The centaur wields a glowing shortbow.
The centaur shoots an arrow.
The arrow hits you.
You die...

....... ....... ###
#..... ... .. #.....
##..#... #.....
....#c# #.....
#...... #....†###...#
#.....@†....#.##
#.....#..>......
#.....#...###########
#.....#.#.##.........
#.%...###.##.########
#..... #.....##
#..... #..###<#
#####. #..# #+# #..#


You could see a centaur.

Vanquished Creatures
  The ghost of Demiham the Changer, an amateur DrTm (D:3)
  A hound (D:4)
  2 iguanas
  Robin (D:2)
  An adder (D:3)
  3 oozes
  An adder skeleton (D:3)
  A worm (D:2)
  A dart slug (D:1)
  4 leopard geckos
  2 orcs (D:3)
  3 giant cockroaches
  17 goblins
  12 hobgoblins
  6 jackals (D:3)
  A quokka (D:3)
  8 bats
  A frilled lizard (D:1)
  10 kobolds
  11 rats
87 creatures vanquished.

Notes
Turn   | Place    | Note
-------+----------+-------------------------------------------
     0 | D:1      | Firecrotchwizard the Merfolk Berserker began the quest for the Orb.
     0 | D:1      | Reached XP level 1. HP: 18/18 MP: 1/1
   128 | D:1      | Reached XP level 2. HP: 20/24 MP: 2/2
   191 | D:1      | Reached skill level 3 in Dodging
   281 | D:1      | Reached skill level 5 in Polearms
   519 | D:1      | Reached ** piety under Trog
   519 | D:1      | Reached XP level 3. HP: 26/29 MP: 3/3
  1524 | D:2      | Reached XP level 4. HP: 37/37 MP: 4/4
  1525 | D:2      | Noticed Robin
  1537 | D:2      | Killed Robin
  1537 | D:2      | Reached skill level 2 in Armour
  2145 | D:3      | Noticed Demiham's ghost (amateur DrTm)
  2162 | D:3      | Killed Demiham's ghost
  2162 | D:3      | Reached skill level 4 in Fighting
  2162 | D:3      | Reached skill level 7 in Polearms
  2162 | D:3      | Reached skill level 4 in Dodging
  2162 | D:3      | Reached XP level 5. HP: 43/43 MP: 5/5
  2162 | D:3      | Reached XP level 6. HP: 49/49 MP: 6/6
  2443 | D:3      | Reached *** piety under Trog
  2942 | D:4      | HP: 10/49 [hound (3)]
  2949 | D:4      | HP: 4/73 [iguana (4)]
  2953 | D:4      | Shot with an arrow by a centaur

Skill      XL: |  1  2  3  4 |
---------------+-------------+-----
Dodging        | 3 4 |  4.8
Polearms       | 5 7 |  7.5
Armour         | 2 |  2.6
Fighting       | 4 |  4.6

Action                   |  1- 3 |  4- 6 || total
-------------------------+-------+-------++-------
Melee: Spear             |   149 |    40 ||   189
       Trident           |       |   128 ||   128
Invok: Berserk           |       |     2 ||     2
       Trog's Hand       |       |     1 ||     1
  Use: Scroll            |     2 |       ||     2
 Stab: Sleeping          |     4 |       ||     4
  Eat: Chunk             |     2 |     3 ||     5
       Ration            |       |     1 ||     1
Armor: Animal skin       |     9 |       ||     9
       Ring mail         |     9 |    43 ||    52
Dodge: Dodged            |    48 |    73 ||   121

Vault maps used:
D:1:      ncdulo_halloftheorcs, minmay_box_of_dots
D:2:      uniq_robin
D:3:      kennysheep_nondescript
D:4:      minmay_temple_entry_enclosed_plants, first_ration,
          cheibrodos_sewer_entry_bend

Table legend:
 A = Turns spent in this place as a percentage of turns spent in the entire game.
 B = Non-inter-level travel turns spent in this place as a percentage of non-inter-level travel turns spent in the entire game.
 C = Inter-level travel turns spent in this place as a percentage of turns spent in this place.
 D = Turns resting spent in this place as a percentage of non-inter-level travel turns spent in this place.
 E = Turns spent auto-exploring this place as a percentage of non-inter-level travel turns spent in this place.
 F = Non-inter-level travel turns spent in this place divided by the number of levels of this place that you've seen.
                   A       B       C       D       E      F
               +-------+-------+-------+-------+-------+----------------------
         Total | 100.0 | 100.0 |   3.8 |  15.2 |  64.2 | 710.0
       Dungeon | 100.0 | 100.0 |   3.8 |  15.2 |  64.2 | 710.0
               +-------+-------+-------+-------+-------+----------------------

Table legend:
 A = Kills in this place as a percentage of kills in entire the game.
 B = Kills by you in this place as a percentage of kills by you in the entire game.
 C = Kills by friends in this place as a percentage of kills by friends in the entire game.
 D = Other kills in this place as a percentage of other kills in the entire game.
 E = Experience gained in this place as a percentage of experience gained in the entire game.
 F = Experience gained in this place divided by the number of levels of this place that you have seen.
                   A       B       C       D       E      F
               +-------+-------+-------+-------+-------+----------------------
         Total | 100.0 | 100.0 |   N/A |   N/A | 100.0 | 145.8
       Dungeon | 100.0 | 100.0 |   N/A |   N/A | 100.0 | 145.8
               +-------+-------+-------+-------+-------+----------------------
